 Dungeon Crawl Stone Soup version 0.32-a0-485-g70f7560b1c (webtiles) character file.

Game seed: 10618647330744790166

9331 Malificent the Skirmisher (level 11, 0/77 HPs)
             Began as a Gnoll Hunter on Feb 26, 2024.
             Was a Believer of Hepliaklqana.
             Succumbed to a cane toad's poison
             ... on level 9 of the Dungeon.
             The game lasted 00:42:19 (8690 turns).

Malificent the Skirmisher (Gnoll Hunter)            Turns: 8690, Time: 00:42:19

Health: 0/77       AC:  8    Str: 10    XL:     11   Next: 44%
Magic:  20/20      EV: 33    Int:  9    God:    Hepliaklqana [**....]
Gold:   1718       SH:  0    Dex: 23    Spells: 23/23 levels left

rFire   . . .        a - +2 triple crossbow (heavy)
rCold   + . .        (shield currently unavailable)
rNeg    . . .        B - +2 robe "Qover" {+Inv rPois rCorr}
rPois   +            (no helmet)
rElec   +            q - +1 cloak of Ennui {rElec}
rCorr   +            (no gloves)
SInv    +            m - +0 pair of boots of the Threshing Gods {rC+ Dex+3 SInv}
Will    .....        l - amulet of the acrobat
Stlth   ++++         (no ring)
HPRegen 0.32/turn    (no ring)
MPRegen 0.17/turn

%: acrobat
@: lethally poisoned (0 -> -12), acrobatic, hasted, very quick
A: reduced essence, fangs 1, strong nose, distributed training
a: Renounce Religion, Evoke Invisibility, Recall Ancestor, Ancestor Identity


You were on level 9 of the Dungeon.
You worshipped Hepliaklqana.
Hepliaklqana was pleased with you.
You visited 3 branches of the dungeon, and saw 11 of its levels.
You also visited: Bailey.

You collected 1718 gold pieces.

Inventory:

Hand Weapons
 a - a +2 heavy triple crossbow (weapon)
 b - the +6 demon whip of Wirphu {pain, rN+ Dex+4}
   (You acquired it in a bailey)

   Dex+4:     It affects your dexterity (+4).
   rN+:       It protects you from negative energy.
 f - the +10 battleaxe of Bashing Pain and Death {heavy, rF- rC+ Str+3}
   (You took it off an orc warrior in a bailey)

   Str+3:     It affects your strength (+3).
   rF-:       It makes you vulnerable to fire.
   rC+:       It protects you from cold.
 t - a +1 shortbow of draining
 u - the +1 war axe of Tiedo {venom, rC+ Str-3 Int+3 SInv}
   (You found it on level 7 of the Dungeon)

   Str-3:     It affects your strength (-3).
   Int+3:     It affects your intelligence (+3).
   rC+:       It protects you from cold.
   SInv:      It lets you see invisible.
Armour
 h - a +3 leather armour
 k - a +1 robe of resistance
 m - the +0 pair of boots of the Threshing Gods (worn) {rC+ Dex+3 SInv}
   (You acquired it in a bailey)

   Dex+3:     It affects your dexterity (+3).
   rC+:       It protects you from cold.
   SInv:      It lets you see invisible.
 q - the +1 cloak of Ennui (worn) {rElec}
   (You found it on level 4 of the Dungeon)

   rElec:     It insulates you from electricity.
 r - a +2 pair of boots
 y - +0 swamp dragon scales
 B - the +2 robe "Qover" (worn) {+Inv rPois rCorr}
   (You found it on level 9 of the Dungeon)

   rPois:     It protects you from poison +Inv: It lets you turn invisible.
   rCorr:     It protects you from acid and corrosion.
Jewellery
 l - an amulet of the acrobat (around neck)
 n - an amulet of magic regeneration
Wands
 i - a wand of roots (22)
 j - a wand of flame (28)
Scrolls
 c - a scroll of identify
 d - a scroll of fog
 g - 2 scrolls of revelation
 s - 2 scrolls of teleportation
Potions
 e - a potion of mutation
 p - 3 potions of magic
 v - 2 potions of invisibility {unknown}
 w - a potion of haste
 x - a potion of brilliance {unknown}
 z - a potion of enlightenment {unknown}
 A - a potion of might {unknown}


   Skills:
 + Level 8.1 Fighting
 + Level 6.5 Short Blades
 + Level 6.5 Long Blades
 + Level 6.5 Axes
 + Level 6.5 Maces & Flails
 + Level 6.5 Polearms
 + Level 6.5 Staves
 + Level 10.7 Ranged Weapons
 + Level 6.5 Throwing
 + Level 6.5 Armour
 + Level 8.1 Dodging
 + Level 7.0 Stealth
 + Level 6.5 Shields
 + Level 6.5 Unarmed Combat
 + Level 6.5 Spellcasting
 + Level 5.4 Conjurations
 + Level 5.4 Hexes
 + Level 5.4 Summonings
 + Level 5.4 Necromancy
 + Level 5.4 Translocations
 + Level 5.4 Fire Magic
 + Level 5.4 Ice Magic
 + Level 5.4 Air Magic
 + Level 5.4 Earth Magic
 + Level 5.4 Alchemy
 + Level 7.2 Invocations
 + Level 6.5 Evocations
 + Level 5.9 Shapeshifting


You had 23 spell levels left.
You didn't know any spells.
Your spell library contained the following spells:

 Spells                   Type           Power      Damage    Failure   Level
 Magic Dart               Conj           48%        1d5       2%          1
 Slow                     Hex            48%        N/A       2%          1
 Blink                    Tloc           24%        N/A       3%          2
 Call Imp                 Summ           24%        N/A       3%          2
 Cigotuvi's Dreadful Rot  Necr/Alch/Air  24%        N/A       3%          2
 Confusing Touch          Hex            12%        N/A       7%          3
 Sigil of Binding         Hex            12%        N/A       7%          3
 Vampiric Draining        Necr           12%        2d6       7%          3
 Dispel Undead            Necr           12%        3d9       22%         4
 Manifold Assault         Tloc           12%        N/A       22%         4
 Martyr's Knell           Necr/Summ      12%        N/A       22%         4
 Death Channel            Necr           6%         N/A       98%         6
 Dispersal                Tloc           6%         N/A       98%         6
 Disjunction              Tloc           6%         N/A       100%        8


Dungeon Overview and Level Annotations

Branches:
Dungeon (9/15)             Temple (1/1) D:5            Lair (1/5) D:9
    Orc (0/2) D:9          Bailey (visited)

Altars:
Ashenzari
Cheibriados
Dithmenos
Elyvilon
Fedhas
Gozag
Hepliaklqana
Kikubaaqudgha
Makhleb
Nemelex Xobeh
Okawaru
Qazlal
Ru
Sif Muna
Trog
Uskayaw
Vehumet
Wu Jian
Xom
Yredelemnul
Zin
The Shining One

Annotations:
D:2 Sigmund
Lair:1 Amaemon


Innate Abilities, Weirdness & Mutations

Your life essence is reduced to manifest your ancestor. (-10% HP)
You have very sharp teeth.
Your uncanny sense of smell can sniff out nearby items.
Your experience applies equally to all skills.


Message History

* * * LOW HITPOINT WARNING * * *
Talia hits the wolf with a +0 flail!
The wolf dies!
You start resting.
Ancestor HP restored.
You start resting.
HP restored.
You climb downwards.
Welcome back to the Lair of Beasts!
Level annotation: Amaemon The wolf bites you.
The wolf bites you but does no damage.
The komodo dragon completely misses you.
The cane toad stings you!
You are poisoned.
The cane toad poisons you!
The cane toad stings you but does no damage.
The wolf closely misses you.
The komodo dragon completely misses you.
Amaemon gestures wildly while chanting.
There is a staircase back to the Dungeon, spattered with blood here.
You feel very sick. The wolf closely misses you. The cane toad misses you.
The komodo dragon bites you. The scorpion closely misses you.
The orange demon stings you from afar. The wolf closely misses you.
You climb upwards.
Welcome back to the Dungeon!
You feel very sick.
There is a staircase to the Lair, spattered with blood here.
You feel better. The cane toad closely misses you. The wolf misses you.
The komodo dragon bites you!!
* * * LOW HITPOINT WARNING * * *
You feel yourself speed up. The wolf bites you.
* * * LOW HITPOINT WARNING * * *
The cane toad stings you!
* * * LOW HITPOINT WARNING * * *
You are lethally poisoned!
The cane toad poisons you!
Talia hits the cane toad with a +0 flail!
The wolf misses you. The komodo dragon closely misses you.
Okay, then.
You die...
Hepliaklqana delivers you to your ancestors.

......##...............#..#...###
##...........##........#......#..
........###..#P...P..#.#)#.......
.≈≈≈....#.......P......#.####....
§≈§≈≈..#...............÷.........
§≈_≈§..#..P..P....P.......P.....#
§≈§≈≈....P....P.................#
≈≈.§≈......P....P.......PP......#
≈§.≈≈...P...PP..@RF.......P......
≈...≈.........P..>hP...P......#..
≈.ß.≈.....PPP....Pl....P.........
...........P.P..........PP.......
................P.....P........##
######...........P..P....P...####
####.P..........P......##...
##......P.P.P.P.....#>...
###.PP.P................


You could see the friendly Talia the knight, a komodo dragon, a cane toad (ally
target) and a wolf.

Vanquished Creatures
  An orc high priest (Bailey)
  An orc sorcerer (Bailey)
  3 orc knights (Bailey)
  Maggie (D:9)
  A komodo dragon (D:9)
  Psyche (D:9)
  Grinder (D:5)
  A hornet (D:9)
  A shadow (D:8)
  Eustachio (D:5)
  4 yaks (D:9)
  4 water moccasins
  Duvessa (D:5)
  3 ice beasts
  A black bear (D:9)
  8 orc warriors (Bailey)
  3 wolves
  An ogre (D:4)
  3 centaurs
  2 kobold brigands
  A phantom (D:5)
  A gnoll sergeant (D:7)
  Blork the orc (D:6)
  3 bullfrogs
  4 scorpions
  9 wights
  Dowan (D:5)
  5 killer bees (D:5)
  2 howler monkeys (D:9)
  5 electric eels (Bailey)
  A gnoll bouda (D:6)
  2 orc priests (D:8)
  Crazy Yiuf (D:6)
  2 bombardier beetles
  2 hounds
  2 jellies
  2 sleepcaps (D:5)
  2 orc wizards
  Natasha (D:2)
  3 iguanas (D:5)
  8 gnolls
  10 adders
  2 shadow imps (D:7)
  A white imp (D:8)
  4 ufetubi
  3 dart slugs
  A ribbon worm (D:4)
  19 orcs
  6 ball pythons
  6 endoplasms
  2 giant cockroaches
  8 goblins
  10 hobgoblins
  5 jackals
  2 quokkas
  5 bats
  A frilled lizard (D:3)
  14 kobolds
  2 rats
201 creatures vanquished.

Vanquished Creatures (collateral kills)
  A yak (D:9)
  A wolf (D:9)
  A howler monkey (D:9)
  2 kobolds
5 creatures vanquished.

Vanquished Creatures (others)
  An ancestor (D:7)
  A goblin (Bailey)
2 creatures vanquished.

Grand Total: 208 creatures vanquished

Notes
Turn   | Place    | Note
-------+----------+-------------------------------------------
     0 | D:1      | Malificent the Gnoll Hunter began the quest for the Orb.
     0 | D:1      | Reached XP level 1. HP: 20/20 MP: 1/1
   417 | D:1      | Reached XP level 2. HP: 26/26 MP: 2/2
   768 | D:2      | Noticed Sigmund
   808 | D:2      | Reached XP level 3. HP: 19/31 MP: 2/4
   815 | D:2      | Reached skill level 1 in Invocations
   973 | D:2      | Reached skill level 1 in Short Blades
   973 | D:2      | Reached skill level 1 in Long Blades
   973 | D:2      | Reached skill level 1 in Axes
   973 | D:2      | Reached skill level 1 in Maces & Flails
   973 | D:2      | Reached skill level 1 in Polearms
   973 | D:2      | Reached skill level 1 in Staves
   973 | D:2      | Reached skill level 1 in Throwing
   973 | D:2      | Reached skill level 1 in Armour
   973 | D:2      | Reached skill level 1 in Shields
   973 | D:2      | Reached skill level 1 in Unarmed Combat
   973 | D:2      | Reached skill level 1 in Spellcasting
   973 | D:2      | Reached skill level 1 in Evocations
   999 | D:2      | Reached skill level 1 in Shapeshifting
   999 | D:2      | Reached XP level 4. HP: 38/38 MP: 5/5
  1278 | D:2      | Noticed Natasha
  1282 | D:2      | Killed Natasha
  1283 | D:2      | Reached skill level 1 in Conjurations
  1283 | D:2      | Reached skill level 1 in Hexes
  1283 | D:2      | Reached skill level 1 in Summonings
  1283 | D:2      | Reached skill level 1 in Necromancy
  1283 | D:2      | Reached skill level 1 in Translocations
  1283 | D:2      | Reached skill level 1 in Fire Magic
  1283 | D:2      | Reached skill level 1 in Ice Magic
  1283 | D:2      | Reached skill level 1 in Air Magic
  1283 | D:2      | Reached skill level 1 in Earth Magic
  1283 | D:2      | Reached skill level 1 in Alchemy
  2167 | D:4      | Noticed an ogre
  2173 | D:4      | Killed an ogre
  2174 | D:4      | Reached XP level 5. HP: 43/43 MP: 5/7
  2210 | D:4      | Found a glowing silver altar of Zin.
  2296 | D:4      | Reached XP level 6. HP: 50/50 MP: 8/8
  2468 | D:4      | Reached skill level 5 in Fighting
  2468 | D:4      | Reached skill level 5 in Dodging
  2552 | D:4      | Identified the +1 cloak of Ennui {rElec}
  2955 | D:4      | Identified a scroll of acquirement
  2955 | D:4      | Acquired 1197 gold pieces
  2975 | D:5      | Entered Level 5 of the Dungeon
  2978 | D:5      | Noticed Grinder
  2980 | D:5      | Paralysed by Grinder for 4 turns
  2993 | D:5      | Killed Grinder
  2994 | D:5      | Reached XP level 7. HP: 38/56 MP: 10/10
  3126 | D:5      | Reached skill level 9 in Ranged Weapons
  3211 | D:5      | Noticed Eustachio
  3216 | D:5      | Found a shimmering altar of Xom.
  3232 | D:5      | Killed Eustachio
  3233 | D:5      | Reached XP level 8. HP: 60/63 MP: 12/12
  3257 | D:5      | Found a staircase to the Ecumenical Temple.
  3307 | D:5      | Noticed Duvessa
  3322 | D:5      | Killed Duvessa
  3322 | D:5      | Noticed Dowan
  3329 | D:5      | Killed Dowan
  3352 | D:5      | Found an iron altar of Okawaru.
  3365 | D:5      | Found a hide-covered altar of Uskayaw.
  3365 | D:5      | Found a bloodstained altar of Trog.
  3872 | Temple   | Entered the Ecumenical Temple
  3921 | Temple   | Became a worshipper of Hepliaklqana the Forgotten
  4229 | D:6      | Noticed Blork the orc
  4234 | D:6      | Killed Blork the orc
  4235 | D:6      | Reached XP level 9. HP: 69/69 MP: 14/14
  4591 | D:6      | Found a runed translucent door.
  4592 | D:6      | Noticed Crazy Yiuf
  4602 | D:6      | Killed Crazy Yiuf
  4964 | D:7      | Identified the +1 war axe of Tiedo {venom, rC+ Str-3 Int+3
                  | SInv}
  4990 | D:7      | Reached skill level 5 in Stealth
  5023 | D:7      | Reached skill level 5 in Invocations
  5084 | D:7      | Found a flagged portal.
  5093 | Bailey   | Entered a bailey
  5383 | Bailey   | Noticed an orc knight
  5393 | Bailey   | Killed an orc knight
  5394 | Bailey   | Reached skill level 5 in Short Blades
  5394 | Bailey   | Reached skill level 5 in Long Blades
  5394 | Bailey   | Reached skill level 5 in Axes
  5394 | Bailey   | Reached skill level 5 in Maces & Flails
  5394 | Bailey   | Reached skill level 5 in Polearms
  5394 | Bailey   | Reached skill level 5 in Staves
  5394 | Bailey   | Reached skill level 10 in Ranged Weapons
  5394 | Bailey   | Reached skill level 5 in Throwing
  5394 | Bailey   | Reached skill level 5 in Armour
  5394 | Bailey   | Reached skill level 5 in Shields
  5394 | Bailey   | Reached skill level 5 in Unarmed Combat
  5394 | Bailey   | Reached skill level 5 in Spellcasting
  5394 | Bailey   | Reached skill level 5 in Evocations
  5394 | Bailey   | Reached XP level 10. HP: 74/77 MP: 17/17
  5407 | Bailey   | Noticed an orc sorcerer
  5411 | Bailey   | Noticed a rust devil
  5412 | Bailey   | Killed an orc sorcerer
  5506 | Bailey   | Acquired the +0 pair of boots of the Threshing Gods {rC+
                  | Dex+3 SInv}
  5548 | Bailey   | Noticed an orc knight
  5550 | Bailey   | Killed an orc knight
  5610 | Bailey   | Identified the +10 battleaxe of Bashing Pain and Death
                  | {heavy, rF- rC+ Str+3}
  5613 | Bailey   | Reached skill level 5 in Shapeshifting
  5748 | Bailey   | Found an iron altar of Okawaru.
  5751 | Bailey   | Noticed an orc knight
  5751 | Bailey   | Noticed an orc high priest
  5917 | Bailey   | Noticed a soul eater
  5918 | Bailey   | Killed an orc high priest
  5935 | Bailey   | Killed an orc knight
  5947 | Bailey   | Acquired the +6 demon whip of Wirphu {pain, rN+ Dex+4}
  6236 | D:7      | Found a stormy altar of Qazlal.
  6459 | D:7      | Found a snail-covered altar of Cheibriados.
  6460 | D:7      | Reached * piety under Hepliaklqana
  6982 | D:8      | Found a shadowy altar of Dithmenos.
  7469 | D:8      | Reached skill level 5 in Conjurations
  7469 | D:8      | Reached skill level 5 in Hexes
  7469 | D:8      | Reached skill level 5 in Summonings
  7469 | D:8      | Reached skill level 5 in Necromancy
  7469 | D:8      | Reached skill level 5 in Translocations
  7469 | D:8      | Reached skill level 5 in Fire Magic
  7469 | D:8      | Reached skill level 5 in Ice Magic
  7469 | D:8      | Reached skill level 5 in Air Magic
  7469 | D:8      | Reached skill level 5 in Earth Magic
  7469 | D:8      | Reached skill level 5 in Alchemy
  7536 | D:8      | Reached XP level 11. HP: 76/76 MP: 20/20
  7540 | D:8      | Found a blossoming altar of Fedhas.
  7693 | D:9      | Noticed Psyche
  7695 | D:9      | Killed Psyche
  7702 | D:9      | HP: 3/77 [komodo dragon (28)]
  8001 | D:9      | Reached ** piety under Hepliaklqana
  8002 | D:9      | Remembered your ancestor Talia as a knight
  8188 | D:9      | Found a staircase to the Lair.
  8297 | D:9      | Found a staircase to the Orcish Mines.
  8303 | D:9      | Noticed Maggie
  8305 | D:9      | Killed Maggie
  8318 | D:9      | Identified the +2 robe "Qover" {+Inv rPois rCorr}
  8430 | D:9      | Found a radiant altar of Vehumet.
  8478 | Lair:1   | Entered Level 1 of the Lair of Beasts
  8483 | Lair:1   | Noticed Amaemon
  8689 | D:9      | HP: 2/77 [cane toad (15)]
  8690 | D:9      | Succumbed to a cane toad's poison

Illustrated notes

Levels and vault maps discovered:
D:1:      dpeg_arrival_circle_labyrinth_c, layout_basic
D:2:      layout_basic, uniq_natasha, uniq_sigmund
D:3:      layout_basic
D:4:      layout_basic, mainiacjoe_overflow_concentric_impassable
D:5:      layout_basic, mainiacjoe_overflow_alcove_2,
          grunt_temple_overflow_open, minmay_temple_entry_stoned_glass,
          mainiacjoe_sewer_entry_somewhere_in_here_2, minmay_fractal_squares_5,
          uniq_duvessa, uniq_grinder, uniq_eustachio
D:6:      layout_basic, st_stairs_6, minmay_holes, lemuel_flame_loot_1,
          uniq_blork_the_orc, uniq_crazy_yiuf_cottage
D:7:      layout_basic, grunt_qazlal_clouds, mainiacjoe_overflow_paths,
          enter_bailey_2
D:8:      layout_loops_ring, nicolae_overflow_crystal_walls,
          fedhas_altar_fruit_tree, minmay_statues_item
D:9:      layout_cave_pools, mainiacjoe_overflow_catwalk,
          due_lair_maze_entry_diamond, orc_0_dummy, uniq_psyche, uniq_maggie
Temple:   hellmonk_temple_two_chambers
Lair:1:   layout_loops_ring, uniq_amaemon, uniq_harold

Skill      XL: |  1  2  3  4  5  6  7  8  9 10 11 |
---------------+----------------------------------+-----
Invocations    | 1 2 3 4 5 6 7 |  7.2
Short Blades   | 1 2 3 5 6 |  6.5
Long Blades    | 1 2 3 5 6 |  6.5
Axes           | 1 2 3 5 6 |  6.5
Maces & Flails | 1 2 3 5 6 |  6.5
Polearms       | 1 2 3 5 6 |  6.5
Staves         | 1 2 3 5 6 |  6.5
Throwing       | 1 2 3 5 6 |  6.5
Armour         | 1 2 3 5 6 |  6.5
Shields        | 1 2 3 5 6 |  6.5
Unarmed Combat | 1 2 3 5 6 |  6.5
Spellcasting   | 1 2 3 5 6 |  6.5
Evocations     | 1 2 3 5 6 |  6.5
Shapeshifting  | 1 2 3 4 5 |  5.9
Conjurations   | 1 2 3 4 5 |  5.4
Hexes          | 1 2 3 4 5 |  5.4
Summonings     | 1 2 3 4 5 |  5.4
Necromancy     | 1 2 3 4 5 |  5.4
Translocations | 1 2 3 4 5 |  5.4
Fire Magic     | 1 2 3 4 5 |  5.4
Ice Magic      | 1 2 3 4 5 |  5.4
Air Magic      | 1 2 3 4 5 |  5.4
Earth Magic    | 1 2 3 4 5 |  5.4
Alchemy        | 1 2 3 4 5 |  5.4
Stealth        | 3 4 5 6 7 |  7.0
Fighting       | 5 6 7 8 |  8.1
Dodging        | 5 6 7 8 |  8.1
Ranged Weapons | 9 10 | 10.7

Action                     |  1- 3 |  4- 6 |  7- 9 | 10-12 || total
---------------------------+-------+-------+-------+-------++-------
   Fire: Shortbow          |    87 |   123 |   181 |       ||   391
         Triple crossbow   |       |       |    53 |   115 ||   168
 Invoke: Ancestor Identity |       |       |       |     1 ||     1
         Recall Ancestor   |       |       |       |     1 ||     1
         Ancestor Life: Kn |       |       |       |     1 ||     1
  Evoke: Wand              |       |       |     2 |     3 ||     5
    Use: Scroll            |    10 |     6 |     7 |    10 ||    33
         Potion            |       |       |     2 |     8 ||    10
 Armour: Leather armour    |    28 |    30 |   122 |    45 ||   225
         Robe              |       |       |       |    29 ||    29
  Dodge: Dodged            |    42 |    26 |   229 |   114 ||   411

Table legend: (Time is in decaauts)
 A = Elapsed time spent in this place.
 B = Non-inter-level travel time spent in this place.
 C = Inter-level travel time spent in this place.
 D = Time resting spent in this place.
 E = Time spent auto-exploring this place.
 F = Levels seen in this place.
 G = Mean time per level.
                   A        B        C        D        E       F      G
               +--------+--------+--------+--------+--------+-----+--------+
         Total |   9007 |   8710 |    297 |   1237 |   5104 |  12 |  750.6 |
       Dungeon |   7687 |   7406 |    281 |    810 |   4817 |   9 |  854.1 |
        Temple |     55 |     41 |     14 |      0 |      0 |   1 |   55.0 |
          Lair |     14 |     14 |      0 |      0 |      0 |   1 |   14.0 |
        Bailey |   1249 |   1249 |      0 |    427 |    287 |   1 | 1249.0 |
               +--------+--------+--------+--------+--------+-----+--------+

Top non-repeatable levels by time:
  Bailey: 1249 daAuts
     D:9: 1087 daAuts
     D:6: 974 daAuts
     D:7: 964 daAuts
     D:5: 930 daAuts
     D:4: 810 daAuts
     D:2: 757 daAuts
     D:8: 753 daAuts
     D:3: 733 daAuts
     D:1: 677 daAuts
  Temple: 55 daAuts
  Lair:1: 14 daAuts
